woodfighter, chaotic female elven Priestess ----- #---------------- |<..| ##!..............| |...| ##|a.............| |...|####### ........l.....| |...| # ............`| |....####### ------------ - ----- woodfighter the Acolyte Experience level: 5 Strength: 13 Dexterity: 11 Constitution: 17 Intelligence: 17 Wisdom: 10 Charisma: 10 Health: 0(42) Energy: 71(71) Def: 5 Gold: 895 Moves: 2975 Dungeon seed: EnCcp6Oia9x8Y8sJ Game ID: woodfighter_1534343198 Your Inventory: Coins $ - 895 gold pieces Amulets R - an amulet versus poison (being worn) Weapons a - a blessed +1 mace (weapon in hand) Armor e - a +0 robe (being worn) n - a blessed +0 small shield (being worn) z - a cursed -1 pair of fumble boots V - a +0 pair of iron shoes (being worn) Y - a +0 dwarvish cloak Comestibles c - a clove of garlic d - 3 sprigs of wolfsbane s - 3 tripe rations u - 7 food rations H - a magic bean I - an egg Scrolls p - a cursed scroll of identify q - a scroll of remove curse t - a scroll of enchant armor x - a scroll of teleportation D - 2 scrolls of scare monster Rings w - a +1 ring of stealth Wands f - a wand of cancellation (0:1) o - a wand of secret door detection (0:11) r - a wand of light (0:10) v - a wand of cancellation (0:7) A - a blessed wand of teleportation (0:5) F - a wand of make invisible (0:5) G - a wand of create monster (0:12) Z - a wand of make invisible (0:5) Tools j - a leather drum y - a lock pick Gems N - 2 garnets Q - a touchstone Spells and supernatural/magical abilities: Name Level Category Fail Memory l - light 1 divination 0% 86% p - protection 1 clerical 0% 86% v - clairvoyance 3 divination 87% 86% W - pray for help -- divine ? -- X - turn undead -- divine ? -- Your skills at the end: Miscellaneous Skills shield [Basic] wands [Basic] Weapon Skills mace [Basic] Spellcasting Skills clerical spells [Basic] Final Attributes: You were piously aligned. You were sleep resistant. You were poison resistant. Your writing hand was ok. You had infravision. You were invisible. You were very stealthy. You are dead. Vanquished creatures: 3 bugbears a gnome lord a black naga hatchling a ghoul a puppy 2 kittens a dwarf 2 kobold lords a jitterbug a monkey an orc zombie a coyote 4 hobbits 4 geckos a brown mold a yellow mold 3 red molds a gnome 4 garter snakes a gnome zombie 5 jackals a kobold 10 newts 2 sewer rats a grid bug 2 bats a kobold zombie 57 creatures vanquished. Voluntary challenges: You did not cause conflict. You did not have reflection. You were not displaced. You were an atheist. You used a wielded weapon 75 times, starting on turn 23. You did not apply a unicorn horn. You did not use plumbed fixtures. You did not drink any magical draughts. You were illiterate. You never genocided any monsters. You never polymorphed an object. You never changed form. You used no wishes. You never split a pudding. You never wrote Elbereth's name. You never violated your personal moral code. Dungeon overview: The Dungeons of Doom: levels 1 to 8 Level 1 a long staircase Level 2 a fountain, a sink Level 3 stairs to The Gnomish Mines Level 4 (box) a fountain, a sink Level 5 (box + throne) a fountain, a throne Level 6 Level 7 (books) many fountains Level 8 <- You were here The Gnomish Mines: Level 4 stairs to The Dungeons of Doom History has recorded: On T:1 you entered the Dungeons of Doom to retrieve the Amulet of Yendor! On T:155 you reached level 2 of The Dungeons of Doom. On T:646 you reached level 3 of The Dungeons of Doom. On T:663 you reached level 4 of The Dungeons of Doom. On T:784 you advanced to experience level 2. On T:795 you reached level 1 of The Gnomish Mines. On T:1324 you reached level 5 of The Dungeons of Doom. On T:1391 you advanced to experience level 3. On T:1688 you reached level 6 of The Dungeons of Doom. On T:1818 you advanced to experience level 4. On T:2357 you reached level 7 of The Dungeons of Doom. On T:2565 you advanced to experience level 5. On T:2924 you reached level 8 of The Dungeons of Doom. Score breakdown: Gold: 895 ( 89 points) Experience: 5 levels ( 400 points) Exploration: 8 levels ( 210 points) Discoveries: 17 items ( 850 points) Variety of kills: 27 monsters ( 1350 points) Major goal: (nothing yet) ( 0 points) Survival: died (score multiplied by 3) Total score: 8697 Latest messages: The jitterbug misses. The jitterbug bites! You kill the jitterbug! You stop exploring. You drop a cursed potion called hallu. You drop a brilliant blue potion. You drop a blessed puce potion. You drop an orange potion. You drop a murky potion. You drop an effervescent potion. You drop a milky potion. You drop a blessed emerald potion. You drop a puce potion. You drop a dark green potion. You drop a magenta potion. You drop a cyan potion. You drop 2 potions called hallu. You drop 4 potions of holy water. Your movements are now unencumbered. You hit the soldier ant! The soldier ant bites! The soldier ant stings! The soldier ant bites! The soldier ant stings! You die... Final status: Goodbye woodfighter the Priestess, killed by a soldier ant... You died in The Dungeons of Doom on dungeon level 8 with 8697 points, and 895 pieces of gold, after 2975 moves. You were level 5 with a maximum of 42 hit points when you died.